 Dungeon Crawl Stone Soup version 0.15-a0-1387-gd422dff (webtiles) character file.

346533 PolkaDot the Maledictor (level 21, -5/153 HPs)
             Began as a Vampire Enchanter on June 9, 2014.
             Was the Champion of Ashenzari.
             Killed from afar by Sojobo (14 damage)
             ... with a bolt of lightning
             ... on Level 2 of the Tomb of the Ancients on June 10, 2014.
             The game lasted 07:27:07 (67553 turns).

PolkaDot the Maledictor (Vampire Enchanter)        Turns: 67553, Time: 07:27:08

HP  -5/153       AC 20     Str  8      XL: 21   Next: 19%
MP  30/36        EV 21     Int 20      God: Ashenzari [******]
Gold 1514        SH  9     Dex 17      Spells: 13 memorised,  1 level left

rFire  + + .     SeeInvis +     q - +5 dagger (speed) (curse)
rCold  + + +     Clarity  +     L - +3 leather armour {MR+} (curse)
rNeg   + + +     rCorr    +     J - +1 buckler {rF+} (curse)
rPois  +         rRot     +     M - +2 helmet {rC+} (curse)
rElec  +         Spirit   .     e - +2 cloak {+Inv} (curse)
SustAb .         Warding  .     m - +2 pair of gloves (curse)
rMut   .         Rnd*Tele +     f - +0 pair of boots {Stlth+} (curse)
Gourm  .                        t - cursed amulet of resist corrosion
MR     +++..                    Z - cursed ring of protection from fire
                                O - cursed ring "Shaabat" {+Inv rElec Stlth+}

@: bloodless, non-regenerating, extremely resistant to hostile enchantments,
uncannily stealthy
A: bottle blood, fangs 3, large bone plates 1, see invisible, low mp 1,
teleportitis 1, unbreathing
a: Bat Form, Bottle Blood, Scrying, Transfer Knowledge, Renounce Religion, Evoke
Invisibility
}: 2/15 runes: decaying, gossamer


You were on level 2 of the Tomb of the Ancients.
You worshipped Ashenzari.
Ashenzari was exalted by your worship.
You were bloodless.

You visited 10 branches of the dungeon, and saw 51 of its levels.
You visited the Abyss 1 time.
You visited 1 bazaar.
You also visited: Trove, Sewer and Ice Cave.

You collected 4960 gold pieces.
You spent 3446 gold pieces at shops.

Inventory:

Hand weapons
 q - a cursed +5,+5 dagger of speed (weapon)
Missiles
 y - 4 throwing nets (quivered)
 D - 11 needles of slowing
 H - 3 needles of paralysis
 K - 59 poisoned needles
 X - 5 needles of confusion
Armour
 e - a cursed +2 cloak of darkness (worn)
 f - a cursed +0 pair of boots of stealth (worn)
 m - a cursed +2 pair of gloves (worn)
 J - a cursed +1 buckler of fire resistance (worn)
 L - a cursed +3 leather armour of magic resistance (worn)
 M - a cursed +2 helmet of cold resistance (worn)
Magical devices
 b - a wand of digging (13)
 o - a wand of hasting (4)
 r - a wand of disintegration (16)
 Q - a wand of heal wounds (0)
 R - a wand of invisibility (3)
 S - a wand of teleportation (0)
Scrolls
 a - 4 scrolls of fear
 c - 10 scrolls of identify
 g - a scroll of amnesia
 h - 2 scrolls of immolation
 j - 4 scrolls of curse armour
 k - 10 scrolls of fog
 l - 7 scrolls of teleportation
 n - a scroll of recharging
 p - 2 scrolls of enchant weapon II
 s - 10 scrolls of remove curse
 u - 3 scrolls of vulnerability
 v - 2 scrolls of curse weapon
 F - 4 scrolls of silence
 G - 5 scrolls of blinking
 I - a scroll of torment
 T - 2 scrolls of summoning
Jewellery
 t - a cursed amulet of resist corrosion (around neck)
 x - a cursed amulet of resist mutation
 N - the cursed amulet of the Final Decision {Spirit Acc+4 Stlth+}
   (You found it in a treasure trove)

   [amulet of guardian spirit]

   It causes incoming damage to be split between your health and magic.
   It affects your accuracy with ranged weapons and melee attacks (+4).
   It makes you more stealthy.
   It has a curse placed upon it.
 O - the cursed ring "Shaabat" (left hand) {+Inv rElec Stlth+}
   (You found it on level 7 of the Lair of Beasts)

   [ring of stealth]

   It insulates you from electricity.
   It lets you turn invisible.
   It makes you more stealthy.
   It has a curse placed upon it.
 W - the ring of Vitality {HP+15 Regen}
   (You found it on level 1 of the Crypt)

   [ring of regeneration]

   It affects your health (+15).
   It increases your rate of regeneration.
 Z - a cursed ring of protection from fire (right hand)
Potions
 i - a potion of curing
 w - 2 potions of agility
 A - 2 potions of brilliance
 B - 3 potions of restore abilities
 C - 2 potions of haste
 V - 2 potions of resistance
Books
 E - a book of Spatial Translocations

   Spells                             Type                      Level
   *Apportation                       Translocation                1
   Blink                              Translocation                2
   Shroud of Golubria                 Charms/Translocation         2
   Portal Projectile                  Translocation                3
   Teleport Other                     Translocation                3
   Passage of Golubria                Translocation                4
 P - a book of Dreams

   Spells                             Type                      Level
   *Ensorcelled Hibernation           Hexes/Ice                    2
   Flight                             Charms/Air                   3
   Phase Shift                        Translocation                5
   Shadow Creatures                   Summoning                    5
   Mass Confusion                     Hexes                        6
   Darkness                           Hexes                        7
 U - a book of Hinderance

   Spells                             Type                      Level
   Confusing Touch                    Hexes                        2
   *Confuse                           Hexes                        3
   Petrify                            Transmutation/Earth          4
   Leda's Liquefaction                Hexes/Earth                  4
   Metabolic Englaciation             Hexes/Ice                    5
   *Summon Mana Viper                 Hexes/Summoning              5
 Y - a book of Enchantments

   Spells                             Type                      Level
   Tukima's Dance                     Hexes                        3
   *Cause Fear                        Hexes                        4
   *Silence                           Hexes/Air                    5
   Deflect Missiles                   Charms/Air                   6
   *Haste                             Charms                       6
   Discord                            Hexes                        8


   Skills:
 - Level 10.0 Fighting
 + Level 5.4(9.9) Short Blades
 - Level 7.0 Armour
 - Level 10.1(14.4) Dodging
 - Level 24.1(27) Stealth
 - Level 5.2(8.2) Shields
 * Level 15.0 Spellcasting
 - Level 24.2(27) Hexes
 - Level 16.4(20.3) Charms
 - Level 8.1(12.5) Translocations
 - Level 1.0(3.5) Ice Magic
 - Level 3.3(7.3) Evocations


You had one spell level left.
You knew the following spells:

 Your Spells              Type           Power        Failure   Level  Hunger
a - Corona                Hex            #######      0%          1    None
b - Sure Blade            Hex/Chrm       #######...   0%          2    None
c - Confuse               Hex            #######.     0%          3    None
d - Ensorcelled Hibernat  Hex/Ice        ######       0%          2    None
e - Enslavement           Hex            #######.     0%          4    None
f - Cause Fear            Hex            #######...   0%          4    None
h - Haste                 Chrm           #######.     1%          6    #####..
i - Invisibility          Hex            #######.     1%          6    #####..
q - Controlled Blink      Tloc           N/A          24%         7    ######.
s - Dazzling Spray        Conj/Hex       ######..     1%          3    None
v - Summon Mana Viper     Hex/Summ       ######..     1%          5    ##.....
A - Apportation           Tloc           ######....   1%          1    None
S - Silence               Hex/Air        ######....   1%          5    ##.....


Dungeon Overview and Level Annotations

Branches:
Dungeon (15/15)            Temple (1/1) D:4             Orc (4/4) D:12
    Elf (3/3) Orc:4          Lair (8/8) D:11          Swamp (5/5) Lair:4
 Spider (5/5) Lair:3        Slime (0/6) Lair:7       Vaults (5/5) D:14
  Crypt (3/3) Vaults:3       Tomb (2/3) Crypt:3      Depths (0/5) D:15

Altars:
Ashenzari
Cheibriados
Dithmenos
Elyvilon
Fedhas
Gozag
Kikubaaqudgha
Makhleb
Nemelex Xobeh
Okawaru
Qazlal
Sif Muna
Trog
Vehumet
Xom
Yredelemnul
Zin
The Shining One
Beogh

Shops:
D:6 =   D:11 [   Orc:4 *:   Elf:1 *   Elf:2 }(!   Vaults:2 *   Vaults:3 :
Vaults:4 *::[:

Annotations:
D:9 exclusion: oklob plant
Elf:3 Norris
Tomb:2 Sojobo


Innate Abilities, Weirdness & Mutations

You do not heal naturally.
You can bottle blood from corpses.
You have razor-sharp teeth.*
You have supernaturally acute eyesight.
You can survive without breathing.*
You are partially covered in large bone plates (AC +2, SH +2).*
Your magical capacity is low (-10% MP).
Space occasionally distorts in your vicinity.


Message History

You are engulfed in freezing vapours.
You resist.
Your hearing returns.
The tengu reaver mumbles some strange words.
The tengu reaver conjures a globe of magical energy!
The ancient lich gestures at you while chanting.
The bolt of cold hits the blizzard demon.
The blizzard demon resists.
The bolt of cold misses you. The Executioner hits you!!
* * * LOW HITPOINT WARNING * * *
The Executioner hits you but does no damage.
You block the Executioner's attack.
A guardian mummy comes into view.
The Executioner gestures at you.
You easily resist.
Sojobo casts a spell at you.
The bolt of lightning hits the mummy.
The mummy is destroyed!
A malignant aura surrounds Sojobo.
Nothing appears to happen.
The bolt of lightning hits you! You resist.
You die...

,,,{
#.##.M..V.Q............# *,
, #.#....................#
,,
,,#(,.........<..........#
, ,* ................)..#.#
*, ,
*...................##.# *
, #......{W...........#, *
* ,,
#......##..Q....##.M..,*, *
###.....###.......##*....*,
*,
.M'M....##@......).##....#,
*,
,,#...L.2§§§.............#
,,
{#...L.1§§##............# ,
,{#..§.§.§§§##...........#
*,, {
#.§§§...2M...Q.........#, *
,∆,
#..§##.§...........##..#,
,, ,#..Q##..§..........# ,
* *
{#......(...?...........* *
***#................?.....
,


You could see Sojobo, 2 ancient liches, 2 tengu reavers, a green death, an
Executioner, a blizzard demon and a mummy.

Vanquished Creatures
  Khufu (Crypt:1)
  2 greater mummies (Tomb:1)
  Saint Roka (Orc:4)
  the Lernaean hydra (Swamp:5)
  Margery (Vaults:4)
  Mara (Swamp:3)
  Nikola (Swamp:2)
  Asterion (Swamp:2)
  2 liches
  A storm dragon (Vaults:4)
  A deep elf blademaster (Elf:3)
  9 sphinxes
  A thorn hunter (Swamp:3)
  An Executioner (Elf:3)
  Frances (Swamp:2)
  An ancient champion (Crypt:1)
  Kirke (Elf:1)
  A revenant (Crypt:2)
  2 deep elf sorcerers (Elf:3)
  3 frost giants
  Donald (Spider:3)
  8 vault wardens
  Maud (Lair:3)
  An orc warlord (Vaults:4)
  3 ghost moths (Spider:5)
  Louise (D:14)
  4 emperor scorpions (Spider:5)
  A reaper (Tomb:1)
  Jorgrun (Vaults:1)
  6 stone giants
  2 deep elf annihilators (Elf:3)
  Azrael (Elf:1)
  A vampire knight (Crypt:1)
  2 fire dragons
  A spectral sphinx (Crypt:1)
  4 deep elf death magi
  An ettin (Vaults:4)
  3 great orbs of eyes
  4 vault guards
  Josephine (D:14)
  A rakshasa (Vaults:1)
  4 mummy priests
  8 ironheart preservers
  5 yaktaur captains
  2 jiangshi (Crypt:1)
  Fannar (Lair:1)
  A ravenous feature mimic (Crypt:1)
  A quicksilver dragon skeleton (Crypt:3)
  2 ice dragons (D:15)
  Harold (Lair:7)
  A deep elf high priest (Elf:3)
  23 hydras
  16 ogre magi
  A shambling mangrove (Swamp:5)
  Erica (D:14)
  A deep troll earth mage (Vaults:4)
  A spectral elf (Elf:3)
  3 vampire magi
  2 tengu warriors
  7 alligators
  3 death yaks (Lair:7)
  A soul eater (Tomb:1)
  Urug (D:13)
  5 centaur warriors
  The ghost of Somebody the Reanimator, an experienced DENe of Cheibriados (D:8)
  Nergalle (Lair:5)
  4 hell knights (Vaults:4)
  Erolcha (D:8)
  4 deep trolls (Vaults:4)
  A sun demon (Elf:3)
  14 deep elf knights
  An iron troll (D:14)
  19 skeletal warriors
  A swamp dragon (shapeshifter) (Elf:3)
  A flayed ghost (Vaults:4)
  2 spriggan druids
  5 unseen horrors
  13 swamp dragons
  A fire crab (Vaults:4)
  4 deep elf summoners
  22 orb spiders
  A harpy (shapeshifter) (Elf:3)
  8 ironbrand convokers
  An anaconda skeleton (Tomb:1)
  17 orc knights
  12 hill giants
  A giant orange brain (Vaults:4)
  26 wolf spiders
  A frost giant zombie (Vaults:4)
  14 deep elf conjurers
  5 harpies
  3 orc sorcerers
  5 phantasmal warriors
  4 necromancers
  6 griffons
  A wizard (Vaults:1)
  5 red wasps
  7 black mambas
  2 sixfirhies
  9 cyclopes
  An elephant (Lair:3)
  Maurice (D:9)
  A fire giant skeleton (Tomb:1)
  2 moths of wrath
  9 vault sentinels
  A queen ant (Spider:2)
  25 spiny frogs
  An orange demon (Tomb:1)
  Psyche (Orc:3)
  A dire elephant skeleton (Crypt:2)
  A purple draconian zombie (Crypt:1)
  34 yaktaurs
  A yaktaur zombie (Vaults:4)
  3 fire drakes
  An item mimic (D:13)
  A kobold demonologist (Vaults:3)
  A shock serpent skeleton (Crypt:1)
  9 komodo dragons
  26 jumping spiders
  10 demonic crawlers
  A feature mimic (Orc:4)
  10 deep elf priests
  An efreet (D:14)
  30 guardian mummies
  9 removed MONS_FIREFLYs
  A red devil (Elf:3)
  2 silent spectres
  2 queen bees
  8 trolls
  13 freezing wraiths
  5 polar bears
  3 baby alligators (Swamp:1)
  5 giant leeches
  7 ravens
  5 bog bodies
  A jumping spider zombie (Crypt:2)
  A raiju (Abyss:1)
  35 slime creatures
  22 two-headed ogres
  A catoblepas skeleton (Crypt:1)
  A hydra skeleton (Tomb:1)
  A fire dragon zombie (D:11)
  2 boulder beetles
  A griffon zombie (D:15)
  5 basilisks
  22 tarantellas
  22 blink frogs
  22 flying skulls
  16 spriggans
  A very ugly thing skeleton (Crypt:1)
  12 deep elf magi
  3 vampires
  34 redbacks
  A fire dragon skeleton (D:14)
  9 hippogriffs
  11 sharks
  A ynoxinul (Elf:3)
  An elf zombie (D:14)
  A tarantella (shapeshifter) (Vaults:2)
  A wind drake zombie (Crypt:2)
  2 wyverns
  2 hogs (Elf:1)
  8 wraiths
  29 trapdoor spiders
  A fire bat (Abyss:1)
  8 shadows
  52 yaks
  15 ugly things
  9 deep elf fighters
  A fire elemental (Elf:1)
  40 vampire mosquitoes
  9 wargs
  A warg (shapeshifter) (Vaults:4)
  A hill giant skeleton (D:10)
  4 hungry ghosts
  6 hell hounds (Elf:1)
  45 wolves
  3 mottled dragons
  8 ice beasts
  An orb spider zombie (Crypt:3)
  25 swamp worms
  5 sky beasts
  A deep troll skeleton (D:15)
  22 water moccasins
  58 orc warriors
  22 soldier ants (Spider:2)
  13 porcupines
  8 black bears
  18 spiders
  15 swamp drakes
  An ogre (shapeshifter) (Elf:1)
  11 centaurs
  A dwarf (shapeshifter) (Vaults:1)
  A hog zombie (Crypt:1)
  15 crocodiles
  2 boring beetles
  3 boggarts (D:14)
  A snapping turtle skeleton (Tomb:1)
  A blink frog skeleton (Crypt:3)
  66 ogres
  7 yellow wasps
  2 phantoms
  2 big kobolds
  A glowing shapeshifter simulacrum (Vaults:4)
  26 giant frogs
  A cyclops zombie (D:14)
  A yaktaur skeleton (D:14)
  A komodo dragon zombie (D:15)
  14 insubstantial wisps
  2 cyclops skeletons
  13 scorpions
  40 killer bees
  An elephant simulacrum (IceCv)
  18 wights
  6 electric eels
  A tengu skeleton (D:14)
  2 troll skeletons (D:10)
  8 crimson imps
  A goliath beetle (D:10)
  A quasit (D:9)
  3 centaur zombies
  A black bear zombie (D:6)
  A giant frog skeleton (D:4)
  16 hounds
  13 jellies
  3 draconian simulacra (IceCv)
  3 gnoll shamans
  35 orc priests
  21 big fish
  2 centaur skeletons
  34 orc wizards
  Natasha (thrice) (D:3)
  25 worker ants
  4 iguanas
  2 spriggan simulacra (IceCv)
  4 troll simulacra (IceCv)
  8 sheep
  A dwarf zombie (Crypt:1)
  A crocodile zombie (D:6)
  3 polar bear simulacra (IceCv)
  An ogre zombie (D:11)
  2 mottled dragon skeletons
  3 centaur simulacra (IceCv)
  A dwarf skeleton (Crypt:2)
  A crocodile skeleton (Crypt:3)
  A hound skeleton (D:6)
  14 mummies
  4 naga simulacra (IceCv)
  4 ogre simulacra (IceCv)
  31 adders
  14 gnolls
  91 green rats
  A steam dragon zombie (Crypt:1)
  A giant mite (D:4)
  A shadow imp (D:11)
  A mottled dragon simulacrum (D:15)
  24 white imps
  3 worms
  An ufetubus (Elf:3)
  2 adder skeletons
  A halfling skeleton (Crypt:1)
  4 giant geckos
  8 oozes
  186 orcs
  A bat zombie (D:7)
  3 giant cockroaches
  20 hobgoblins
  15 jackals
  32 kobolds
  10 quokkas
  28 ball pythons (Sewer)
  24 bats
  2 giant newts
  A giant spore (D:13)
  21 goblins
  A goblin skeleton (D:4)
  A hobgoblin skeleton (D:4)
  A lurking horror (Abyss:1)
  An orc skeleton (Crypt:2)
  4 orc zombies
  17 rats
  A rat zombie (D:6)
  4 ballistomycetes
  2 crawling corpses (Elf:3)
  3 fungi
  2 plants (Lair:5)
2313 creatures vanquished.

Vanquished Creatures (collateral kills)
  A sphinx (Tomb:1)
  A vault warden (Vaults:2)
  A reaper (Tomb:1)
  A deep elf demonologist (Elf:1)
  A vampire knight (Crypt:1)
  4 mummy priests (Tomb:1)
  A deep elf summoner (Elf:1)
  An ironbrand convoker (Vaults:1)
  A wolf spider (Spider:5)
  A black mamba (Lair:1)
  5 elephants (Lair:3)
  A feature mimic (Orc:4)
  A jumping spider (Spider:5)
  3 freezing wraiths (IceCv)
  A two-headed ogre (Vaults:1)
  3 ravens
  2 slime creatures
  A shadow (Tomb:1)
  A trapdoor spider (Spider:5)
  6 flying skulls (Tomb:1)
  A wraith (Tomb:1)
  2 vampire mosquitoes (Swamp:5)
  A hog (Elf:1)
  A soldier ant (D:14)
  2 hungry ghosts (Tomb:1)
  3 wolves (Lair:1)
  6 orc warriors
  An ice beast (IceCv)
  A necrophage (Tomb:1)
  A big kobold (D:14)
  A scorpion (Spider:5)
  A cyclops skeleton (D:14)
  2 killer bees (D:10)
  An electric eel (D:11)
  2 orc priests
  An orc wizard (Orc:4)
  3 green rats (Lair:1)
  2 ufetubi (Elf:3)
  6 orcs
  3 kobolds (D:14)
78 creatures vanquished.

Vanquished Creatures (others)
  A deep elf annihilator (Elf:3)
  4 mana vipers
  Pikel (D:8)
  A wolf spider (Spider:5)
  A komodo dragon (Lair:7)
  A yaktaur (Vaults:2)
  A tengu conjurer (D:14)
  A deep elf priest (Elf:2)
  2 two-headed ogres (Vaults:2)
  2 blink frogs (Lair:7)
  A golden eye (shapeshifter) (Vaults:1)
  An ugly thing (D:14)
  A hell hound (Elf:1)
  An orc warrior (Orc:4)
  A porcupine (Lair:7)
  An ogre (Vaults:1)
  A boggart (D:14)
  2 orc priests (D:6)
  A sheep (Vaults:2)
  A mummy (Tomb:2)
  2 orcs
  4 giant spores
  11 fungi
  2 plants
45 creatures vanquished.

Grand Total: 2436 creatures vanquished

Notes
Turn   | Place    | Note
--------------------------------------------------------------
     0 | D:1      | PolkaDot, the Vampire Enchanter, began the quest for the Orb.
     0 | D:1      | Reached XP level 1. HP: 13/13 MP: 3/3
   419 | D:1      | Reached XP level 2. HP: 19/19 MP: 4/4
  1325 | D:2      | Reached XP level 3. HP: 11/24 MP: 4/6
  1337 | D:2      | Learned a level 2 spell: Ensorcelled Hibernation
  1343 | D:2      | Learned a level 3 spell: Confuse
  1884 | D:2      | Found a shimmering altar of Xom.
  2050 | D:2      | Reached skill level 5 in Hexes
  2054 | D:2      | Reached XP level 4. HP: 18/30 MP: 0/7
  2153 | D:2      | Reached skill level 1 in Ice Magic
  2709 | D:3      | Reached skill level 6 in Hexes
  2764 | D:3      | Noticed Natasha
  2771 | D:3      | Killed Natasha
  2771 | D:3      | Reached XP level 5. HP: 35/35 MP: 6/9
  2858 | D:3      | Reached skill level 5 in Stealth
  2866 | D:3      | Noticed Natasha
  2900 | D:3      | Killed Natasha
  3083 | D:3      | Noticed Natasha
  3091 | D:3      | Killed Natasha
  3149 | D:3      | Reached skill level 7 in Hexes
  3272 | D:3      | Found a snail-covered altar of Cheibriados.
  3441 | D:4      | Reached XP level 6. HP: 41/41 MP: 11/11
  3447 | D:4      | Learned a level 4 spell: Enslavement
  3450 | D:4      | Found a staircase to the Ecumenical Temple.
  3459 | Temple   | Entered the Ecumenical Temple
  3568 | Temple   | Became a worshipper of Ashenzari the Shackled
  3816 | D:4      | Found a glowing drain.
  3825 | Sewer    | Entered a sewer
  4599 | D:4      | Noticed a phantom
  4620 | D:4      | Killed a phantom
  4620 | D:4      | Reached skill level 8 in Hexes
  4649 | D:4      | Reached XP level 7. HP: 16/46 MP: 1/14
  4800 | D:4      | Found a sparkling altar of Nemelex Xobeh.
  5194 | D:5      | Entered Level 5 of the Dungeon
  5210 | D:5      | Learned a level 2 spell: Sure Blade
  5445 | D:5      | Reached skill level 9 in Hexes
  5456 | D:5      | Acquired Ashenzari's first power
  5677 | D:5      | Found a burning altar of Makhleb.
  5794 | D:5      | Found a shimmering altar of Xom.
  5795 | D:5      | Found a basalt altar of Yredelemnul.
  5844 | D:5      | Reached skill level 10 in Hexes
  5894 | D:5      | Found a stormy altar of Qazlal.
  5895 | D:5      | Noticed a water elemental
  5911 | D:5      | Reached XP level 8. HP: 52/52 MP: 18/18
  5912 | D:5      | Noticed an air elemental
  6129 | D:5      | Noticed a fire elemental
  6468 | D:6      | Learned a level 3 spell: Dazzling Spray
  6567 | D:6      | Found Ahamp's Jewellery Emporium.
  6575 | D:6      | Found a sparkling altar of Nemelex Xobeh.
  6661 | D:6      | Bought a +3 ring of intelligence for 172 gold pieces
  6698 | D:6      | Reached skill level 11 in Hexes
  6841 | D:6      | Reached skill level 1 in Shields
  7066 | D:6      | Reached XP level 9. HP: 29/57 MP: 11/20
  7311 | D:7      | Reached skill level 10 in Stealth
  7337 | D:7      | Acquired Ashenzari's second power
  7358 | D:7      | Identified the +9,+7 dagger "Ucaomussy" {pain, rElec}
  7528 | D:7      | Reached skill level 12 in Hexes
  7895 | D:7      | Found a glowing silver altar of Zin.
  7895 | D:7      | Found a glowing golden altar of the Shining One.
  7896 | D:7      | Found a white marble altar of Elyvilon.
  7955 | D:8      | Noticed Erolcha
  7958 | D:8      | Killed Erolcha
  8032 | D:8      | Reached skill level 5 in Shields
  8106 | D:8      | Reached skill level 1 in Charms
  8258 | D:8      | Reached skill level 13 in Hexes
  8520 | D:8      | Acquired Ashenzari's third power
  8525 | D:8      | Noticed Somebody's ghost (experienced DENe)
  8533 | D:8      | Killed Somebody's ghost
  8533 | D:8      | Reached XP level 10. HP: 44/63 MP: 17/21
  8580 | D:8      | Noticed Pikel
  8622 | D:8      | Killed Pikel
  8862 | D:9      | Reached skill level 14 in Hexes
  8908 | D:9      | Noticed Maurice
  9004 | D:9      | Killed Maurice
  9241 | D:9      | Found a blossoming altar of Fedhas.
  9281 | D:9      | Noticed an oklob plant
  9989 | D:9      | Reached skill level 15 in Hexes
 10062 | D:10     | Entered Level 10 of the Dungeon
 10318 | D:10     | Noticed a hill giant
 10348 | D:10     | Killed a hill giant
 10348 | D:10     | Reached skill level 5 in Charms
 10381 | D:10     | Reached XP level 11. HP: 68/68 MP: 17/22
 10540 | D:10     | Noticed a hill giant
 10553 | D:10     | Killed a hill giant
 10553 | D:10     | Reached skill level 1 in Evocations
 10643 | D:10     | Reached skill level 16 in Hexes
 10706 | D:10     | Noticed a hill giant
 10707 | D:10     | Killed a hill giant
 11196 | D:10     | Noticed a hill giant
 11220 | D:10     | Killed a hill giant
 11390 | D:11     | Noticed an unseen horror
 11393 | D:11     | Killed an unseen horror
 11433 | D:11     | Found a staircase to the Lair.
 11671 | D:11     | Acquired Ashenzari's fourth power
 11916 | D:11     | Reached skill level 5 in Spellcasting
 11919 | D:11     | Noticed a hill giant
 11938 | D:11     | Killed a hill giant
 11982 | D:11     | Found Phehu's Antique Armour Shoppe.
 11988 | D:11     | Bought a glowing leather armour for 78 gold pieces
 11988 | D:11     | Bought a pair of distressingly furry gloves for 370 gold pieces
 11988 | D:11     | Identified the +0 pair of gloves of the Blizzard {+Inv} (You bought it in a shop on level 11 of the Dungeon)
 12123 | D:11     | Noticed an unseen horror
 12128 | D:11     | Killed an unseen horror
 12153 | D:11     | Reached skill level 17 in Hexes
 12466 | D:11     | Learned a level 6 spell: Invisibility
 12468 | Lair:1   | Entered Level 1 of the Lair of Beasts
 12552 | Lair:1   | Noticed Fannar
 12558 | Lair:1   | Killed Fannar
 12690 | Lair:1   | Reached XP level 12. HP: 29/74 MP: 20/26
 12872 | Lair:1   | Reached skill level 15 in Stealth
 14523 | Lair:2   | Learned a level 6 spell: Haste
 14632 | Lair:3   | Reached skill level 18 in Hexes
 15104 | Lair:3   | Found a blossoming altar of Fedhas.
 15288 | Lair:3   | Noticed a six-headed hydra
 15296 | Lair:3   | Killed a six-headed hydra
 15344 | Lair:3   | Noticed a five-headed hydra
 15350 | Lair:3   | Killed a five-headed hydra
 15370 | Lair:3   | Noticed Maud
 15380 | Lair:3   | Killed Maud
 15492 | Lair:3   | Noticed a four-headed hydra
 15501 | Lair:3   | Found a hole to the Spider Nest.
 15503 | Lair:3   | Killed a four-headed hydra
 15503 | Lair:3   | Reached skill level 19 in Hexes
 15503 | Lair:3   | Reached XP level 13. HP: 79/79 MP: 27/29
 16260 | Lair:4   | Found a staircase to the Swamp.
 16990 | Lair:5   | Identified the +3,+2 short sword of the Reaper {freeze, rC++ MR+ Str+3 Stlth++}
 17013 | Lair:5   | Identified the +1,+3 trident of Hemmohue {elec, Noisy +Blink rC+ MR++}
 17047 | Lair:5   | Noticed Nergalle
 17061 | Lair:5   | Killed Nergalle
 17376 | Lair:5   | Reached skill level 20 in Hexes
 17878 | Lair:6   | Found a frozen archway.
 17946 | IceCv    | Entered an ice cave
 18774 | IceCv    | Found an ancient bone altar of Kikubaaqudgha.
 20480 | Lair:7   | Reached skill level 21 in Hexes
 20480 | Lair:7   | Reached XP level 14. HP: 85/85 MP: 30/30
 20661 | Lair:7   | Noticed Harold
 20668 | Lair:7   | Killed Harold
 20935 | Lair:7   | Found a staircase to the Slime Pits.
 20991 | Lair:7   | Identified the ring "Shaabat" {+Inv rElec Stlth+}
 21395 | Lair:8   | Entered Level 8 of the Lair of Beasts
 21407 | Lair:8   | Reached skill level 10 in Charms
 21943 | Lair:8   | Reached skill level 22 in Hexes
 23672 | D:12     | Identified the amulet "Xaukaff" {-Cast +Blink +Rage rN+}
 23899 | D:12     | Found a staircase to the Orcish Mines.
 24127 | D:13     | Noticed Urug
 24130 | D:13     | Killed Urug
 24149 | D:13     | Identified the cursed -4 pair of gloves of Salvation {Dam+4 Curse}
 24289 | D:13     | Reached XP level 15. HP: 90/90 MP: 23/30
 24407 | D:13     | Found an opulent altar of Gozag.
 24744 | D:14     | Reached skill level 23 in Hexes
 24748 | D:14     | Found a gate to the Vaults.
 24890 | D:14     | Noticed Erica
 24899 | D:14     | Killed Erica
 25130 | D:14     | Noticed Josephine
 25139 | D:14     | Killed Josephine
 25631 | D:14     | Noticed Louise
 25644 | D:14     | Killed Louise
 25866 | D:15     | Entered Level 15 of the Dungeon
 25932 | D:15     | Found a portal to a secret trove of treasure.
 26201 | D:15     | Found a staircase to the Depths.
 26937 | D:15     | Reached skill level 24 in Hexes
 27439 | Swamp:1  | Entered Level 1 of the Swamp
 27459 | Swamp:1  | Found a shadowy altar of Dithmenos.
 28109 | Swamp:1  | Reached skill level 1 in Armour
 28157 | Swamp:1  | Identified the +2 leather armour of Ufinest {Str-5 Int-4}
 28161 | Swamp:1  | Gained mutation: You have sharp toenails. [potion of beneficial mutation]
 28511 | Swamp:2  | Noticed Asterion
 28518 | Swamp:2  | Noticed Nikola
 28720 | Swamp:2  | Lost mutation: You have sharp toenails. [potion of cure mutation]
 28739 | Swamp:2  | Noticed a spectral weapon
 28740 | Swamp:2  | Killed Asterion
 29103 | Swamp:2  | Noticed Frances
 29111 | Swamp:2  | Killed Frances
 29111 | Swamp:2  | Reached XP level 16. HP: 96/96 MP: 26/31
 29331 | Swamp:2  | Killed Nikola
 30236 | Swamp:3  | Noticed Mara
 30805 | Swamp:3  | Killed Mara
 30805 | Swamp:3  | Reached skill level 5 in Armour
 32155 | Swamp:5  | Entered Level 5 of the Swamp
 32893 | Swamp:5  | Noticed the 27-headed Lernaean hydra
 32936 | Swamp:5  | Reached skill level 1 in Fighting
 32970 | Swamp:5  | Got a decaying rune of Zot
 33497 | Swamp:5  | Killed the 27-headed Lernaean hydra
 33497 | Swamp:5  | Reached XP level 17. HP: 108/111 MP: 15/32
 34466 | Orc:1    | Entered Level 1 of the Orcish Mines
 34611 | Orc:2    | Found a shimmering altar of Xom.
 36155 | Orc:3    | Noticed Psyche
 36171 | Orc:3    | Killed Psyche
 36343 | Orc:3    | Found a bloodstained altar of Trog.
 36625 | Orc:4    | Entered Level 4 of the Orcish Mines
 36886 | Orc:4    | Reached skill level 5 in Fighting
 36919 | Orc:4    | Found a roughly hewn altar of Beogh.
 36919 | Orc:4    | Found Diudwoj's Assorted Antiques.
 36961 | Orc:4    | Found a roughly hewn altar of Beogh.
 36961 | Orc:4    | Found Cohunaba's Book Boutique.
 36986 | Orc:4    | Bought a book of the Warp for 1260 gold pieces
 37151 | Orc:4    | Found a roughly hewn altar of Beogh.
 37322 | Orc:4    | Found a roughly hewn altar of Beogh.
 37560 | Orc:4    | the detected shop or portal was a mimic.
 37570 | Orc:4    | Found a staircase to the Elven Halls.
 37570 | Orc:4    | the detected shop or portal was a mimic.
 38050 | Orc:4    | Noticed Saint Roka
 38052 | Orc:4    | Found a roughly hewn altar of Beogh.
 38109 | Orc:4    | HP: 1/115 [Saint Roka/divine providence (16)]
 38269 | Orc:4    | Killed Saint Roka
 39258 | Vaults:1 | Entered Level 1 of the Vaults
 40517 | Vaults:1 | Noticed Jorgrun
 40525 | Vaults:1 | Killed Jorgrun
 40681 | Vaults:1 | Gained mutation: Armour fits poorly on your strangely shaped body. [mutagenic glow]
 40782 | Vaults:1 | Lost mutation: Armour fits poorly on your strangely shaped body. [potion of cure mutation]
 42379 | Vaults:2 | Found Dumuuq's Assorted Antiques.
 42607 | Vaults:2 | Reached XP level 18. HP: 129/132 MP: 24/32
 42806 | Vaults:2 | Reached skill level 15 in Charms
 44154 | Vaults:3 | Found a staircase to the Crypt.
 44249 | Vaults:3 | Found Kilewk's Book Boutique.
 44256 | Vaults:3 | Reached skill level 10 in Fighting
 44263 | Vaults:3 | Bought a book of Dreams for 1125 gold pieces
 44367 | Vaults:3 | Gained mutation: Your magical capacity is low (-10% MP). [mutagenic glow]
 45860 | Vaults:4 | Reached skill level 5 in Dodging
 46737 | Vaults:4 | Found Vifut's Book Shop.
 46910 | Vaults:4 | Found Ogiriqij's Armour Boutique.
 47078 | Vaults:4 | Bought a +0 pair of boots of stealth for 161 gold pieces
 47229 | Vaults:4 | Found Blethryag's Book Boutique.
 47252 | Vaults:4 | Found Fam Oha's Book Shop.
 47582 | Vaults:4 | Found Mofog's Assorted Antiques.
 47646 | Vaults:4 | Noticed Margery
 47660 | Vaults:4 | Reached XP level 19. HP: 132/140 MP: 2/29
 47680 | Vaults:4 | Killed Margery
 48179 | Vaults:5 | Entered Level 5 of the Vaults
 48191 | Vaults:4 | Learned a level 7 spell: Controlled Blink
 48850 | Elf:1    | Entered Level 1 of the Elven Halls
 48877 | Elf:1    | Reached skill level 1 in Translocations
 48914 | Elf:1    | Reached skill level 10 in Dodging
 49342 | Elf:1    | Found Voskio's Assorted Antiques.
 49342 | Elf:1    | Noticed Kirke
 49417 | Elf:1    | Kirke (ally) was killed
 49476 | Elf:1    | Noticed Azrael
 49489 | Elf:1    | Killed Azrael
 49907 | Elf:2    | Found Cladd's Weapon Boutique.
 49981 | Elf:2    | Found Maibiust's Distillery.
 50413 | Elf:2    | Found Tyraywy's Gadget Shoppe.
 50783 | Elf:3    | Entered Level 3 of the Elven Halls
 50804 | Elf:3    | Found a flickering gateway to a bazaar.
 50829 | Bazaar   | Entered a bazaar
 50831 | Bazaar   | Found Hiytim's General Store.
 50834 | Bazaar   | Found Fyipookk's Weapon Boutique.
 50835 | Bazaar   | Bought a +1 buckler of fire resistance for 247 gold pieces
 50836 | Bazaar   | Found Etez's Magic Scroll Boutique.
 50836 | Bazaar   | Found Diom's Antique Weapon Boutique.
 50841 | Bazaar   | Bought a scroll of remove curse for 33 gold pieces
 50921 | Elf:3    | Identified a scroll of acquirement
 51263 | Elf:3    | Noticed a Brimstone Fiend
 51296 | Elf:3    | Cast into the Abyss (deep elf sorcerer)
 51437 | Abyss:1  | Noticed a bone dragon
 51588 | Elf:3    | Escaped the Abyss
 51796 | Elf:3    | Reached skill level 10 in Spellcasting
 51808 | Elf:3    | Noticed Norris
 52103 | D:12     | Upgraded the game from 0.15-a0-1363-g87d8b17 to 0.15-a0-1387-gd422dff
 52108 | D:12     | Learned a level 4 spell: Cause Fear
 52226 | Spider:1 | Entered Level 1 of the Spider Nest
 53013 | Spider:1 | Gained mutation: Space occasionally distorts in your vicinity. [mutagenic glow]
 54004 | Spider:2 | Reached skill level 5 in Translocations
 54785 | Lair:5   | Learned a level 1 spell: Apportation
 54899 | Spider:3 | Noticed Donald
 54901 | Spider:3 | Killed Donald
 55794 | Spider:3 | Reached XP level 20. HP: 141/147 MP: 33/33
 55982 | Spider:4 | Gained mutation: You are partially covered in large bone plates (AC +2, SH +2). [potion of beneficial mutation]
 56752 | Spider:5 | Entered Level 5 of the Spider Nest
 56925 | Spider:4 | Identified the Disquisition on Necromancy and Orientation
 58572 | Spider:5 | Got a gossamer rune of Zot
 59398 | D:15     | You paid a toll of 18 potions of curing to enter a treasure trove
 59399 | Trove    | Entered a treasure trove
 59405 | Trove    | Identified the cursed amulet of the Final Decision {Spirit Acc+4 Stlth+}
 59423 | Trove    | Learned a level 5 spell: Silence
 59614 | Crypt:1  | Entered Level 1 of the Crypt
 60736 | Crypt:3  | Entered Level 3 of the Crypt
 60855 | Crypt:3  | Found a staircase to the Tomb.
 62001 | Crypt:1  | Noticed Khufu
 62013 | Crypt:1  | Killed Khufu
 63491 | Tomb:1   | Entered Level 1 of the Tomb of the Ancients
 63597 | Tomb:1   | Paralysed by a sphinx for 4 turns
 64266 | Tomb:1   | Reached XP level 21. HP: 153/153 MP: 34/36
 64274 | Tomb:1   | Noticed a greater mummy
 64275 | Tomb:1   | Killed a greater mummy
 64308 | Tomb:1   | Noticed a greater mummy
 64355 | Tomb:1   | HP: 2/153 [indirect mummy death curse (15)]
 65726 | Tomb:1   | Reached skill level 5 in Short Blades
 66575 | Crypt:3  | Learned a level 5 spell: Summon Mana Viper
 67047 | Tomb:1   | Killed a greater mummy
 67047 | Tomb:1   | Reached skill level 15 in Spellcasting
 67470 | Tomb:2   | Noticed Sojobo
 67474 | Tomb:2   | Noticed a greater mummy
 67497 | Tomb:2   | Noticed an ancient lich
 67535 | Tomb:2   | Noticed a greater mummy
 67545 | Tomb:2   | Noticed an ancient lich
 67553 | Tomb:2   | Killed from afar by Sojobo

Action                   |  1- 3 |  4- 6 |  7- 9 | 10-12 | 13-15 | 16-18 | 19-21 || total
-------------------------+-------+-------+-------+-------+-------+-------+-------++-------
Melee: Dagger            |    94 |   269 |   305 |   668 |  1244 |  1304 |  1465 ||  5349
       Short sword       |    13 |       |       |       |       |       |       ||    13
 Cast: Corona            |    11 |       |       |     1 |    13 |    10 |     1 ||    36
       Ensorcelled Hiber |     8 |    64 |    88 |   166 |   227 |   208 |   144 ||   905
       Confuse           |       |     2 |    11 |    21 |    17 |    49 |   103 ||   203
       Enslavement       |       |       |     4 |    36 |    35 |    48 |    99 ||   222
       Sure Blade        |       |       |       |     1 |    13 |    21 |    47 ||    82
       Invisibility      |       |       |       |     2 |    34 |    54 |    41 ||   131
       Dazzling Spray    |       |       |       |       |    26 |    46 |    71 ||   143
       Haste             |       |       |       |       |     4 |       |     7 ||    11
       Silence           |       |       |       |       |       |       |     5 ||     5
       Summon Mana Viper |       |       |       |       |       |       |    12 ||    12
       Controlled Blink  |       |       |       |       |       |       |     1 ||     1
 Abil: Evoke Invisibilit |       |       |       |     3 |       |       |       ||     3
       End Transformatio |       |       |       |     1 |     3 |     7 |     4 ||    15
       Bat Form          |       |       |       |     1 |     3 |     7 |     4 ||    15
Evoke: Wand              |       |       |     1 |     4 |     4 |     1 |    35 ||    45
  Use: Potion            |       |     5 |     2 |     5 |     3 |    22 |    19 ||    56
       Scroll            |       |    11 |    17 |    15 |    19 |    15 |    36 ||   113
 Stab: Sleeping          |     9 |    60 |    90 |   187 |   407 |   423 |   326 ||  1502
       Confused          |       |     1 |     9 |    17 |    17 |    25 |    60 ||   129
       Distracted        |       |       |     1 |     5 |     9 |     7 |     6 ||    28
       Invisible         |       |       |       |    21 |   109 |   211 |   120 ||   461
       Betrayed ally     |       |       |       |     2 |     9 |     7 |     6 ||    24
